[Event "NED-ch U14 Youth 2019"]
[Site "Assen"]
[Date "2019.05.04"]
[Round "9.3"]
[White "Klaren, Duncan"]
[Black "Brandsma, Romayn"]
[Result "1-0"]
[ECO "C45"]
[WhiteElo "1980"]
[BlackElo "1958"]
[Annotator "NA RC"]
[PlyCount "163"]
[EventDate "2019.04.28"]
[EventType "swiss"]
[EventCountry "NED"]
[SourceTitle "playchess.com"]
[Source "ChessBase"]
[SourceQuality "1"]
[TimeControl "5400+30"]

1. e4 e5 2. Nf3 Nc6 3. d4 exd4 4. Nxd4 Nf6 5. Nxc6 bxc6 6. e5 Qe7 7. Qe2 Nd5 8. c4 Ba6 9. Nd2 g6 10. Nf3 {[%emt 0:00:05] C45: Scotch Game} Bg7 11. Bg5 f6 12. exf6 Qxe2+ 13. Bxe2 Nxf6 14. O-O-O O-O-O {[%emt 0:01:02] [#]} 15. b3 $146 ({Predecessor:} 15. Nd2 c5 16. Bf3 d6 17. Rhe1 Rde8 {½-½ (46) Giri,A (2755)-Dominguez Perez,L (2720) Baku 2016}) 15... Rde8 16. Rhe1 (16. Bd3 $11) 16... Ne4 17. Be3 Bc3 18. Rf1 {[%emt 0:06:25] [#]} Nxf2 $1 {[%emt 0:01:02] Pin} 19. Rxf2 Rxe3 20. Ng5 Bf6 ({Better is} 20... Kb7 $17) 21. Nf7 $1 Rf8 $2 ({Black should play} 21... Rg8 $1 $14) 22. Rxf6 Rxe2 {[%emt 0:00:35] [#]} 23. Nd6+ $1 {[%emt 0:00:22] Discovered Attack} cxd6 24. Rxf8+ Kc7 25. Rd2 Re6 26. Rh8 Re7 27. Rf2 c5 28. Kd2 Bb7 29. g3 Bc6 30. Rhf8 Re4 31. R8f4 Re5 32. Re2 Rh5 33. h4 Kb7 34. Re7 Kc7 35. Rff7 h6 36. Rg7 g5 37. hxg5 hxg5 38. Rh7 Rxh7 39. Rxh7 g4 40. Rg7 Bf3 41. Ke3 a5 (41... Bd1 $142 42. Rg8 Bf3) 42. Kf4 Kc6 43. Rg8 Bd1 44. Ra8 Kb6 45. Rb8+ Kc6 46. Rb5 a4 47. bxa4 Bxa4 48. Ra5 Bd1 49. Ra6+ Kc7 50. Ra3 Be2 51. Rc3 Bd1 52. Rc1 Be2 53. Ke3 Bf3 54. Rf1 d5 55. cxd5 $2 (55. Rxf3 dxc4 56. Rf1) 55... Bxd5 56. a4 Kb6 57. Rb1+ Ka5 58. Rb5+ Kxa4 59. Rxc5 Bf3 60. Kd4 d6 61. Rc1 (61. Rf5 $142 Kb3 62. Rf6) 61... Kb5 62. Ke3 Kb4 63. Kf4 Kb5 64. Kf5 Kb6 $2 (64... d5 65. Ke5 Bg2) 65. Ke6 d5 66. Ke5 Kb5 67. Kd4 Kb6 68. Rc5 Kb7 69. Rxd5 Kc7 70. Re5 Kd6 71. Re1 Bg2 72. Re8 Kd7 73. Rg8 Bf3 74. Ke5 Ke7 75. Rg7+ Kf8 76. Kf6 Be2 77. Rb7 Kg8 78. Kg6 Kf8 79. Rf7+ Kg8 80. Re7 Bd3+ 81. Kg5 Kf8 82. Re3 $18 1-0

[Event "NED-ch U14 Youth 2019"]
[Site "Assen"]
[Date "2019.05.04"]
[Round "9.4"]
[White "Jakhari, Ansh"]
[Black "Bleeker, Kasper"]
[Result "0-1"]
[ECO "C47"]
[WhiteElo "1630"]
[BlackElo "1932"]
[Annotator "NA RC"]
[PlyCount "46"]
[EventDate "2019.04.28"]
[EventType "swiss"]
[EventCountry "NED"]
[SourceTitle "playchess.com"]
[Source "ChessBase"]
[SourceQuality "1"]
[TimeControl "5400+30"]

1. e4 e5 2. Nf3 Nc6 3. Nc3 (3. d4 exd4 4. Nxd4 Nf6 {½-½ (8) Laketic,G (2370)-Runic,Z (2387) Novi Sad 2017}) 3... Nf6 4. d4 exd4 5. Nxd4 Bb4 6. Nxc6 bxc6 7. Bd3 d5 8. exd5 Nxd5 9. Bd2 {[%emt 0:00:06] C47: Scotch Four Knights and Four Knights with 4 g3} Qf6 10. Nxd5 Bxd2+ 11. Qxd2 cxd5 12. c3 $146 ({Predecessor:} 12. Bb5+ c6 13. Qxd5 Bd7 14. Qe4+ Kd8 15. O-O Re8 16. Qxh7 cxb5 {½-½ (49) Wenke,A-Casper,L Germany 2010}) 12... O-O 13. O-O Bf5 14. Rad1 Rad8 15. Bxf5 Qxf5 16. Qd4 Rfe8 17. Rfe1 h6 18. h3 a6 19. Rxe8+ Rxe8 20. Qxd5 $2 {[%emt 0:00:08] [#]} (20. Kf1 $11) 20... Re1+ $1 21. Kh2 Qf4+ 22. g3 Qxf2+ {[%emt 0:00:02] Double Attack} 23. Qg2 Qxg2+ $19 0-1

[Event "NED-ch U14 Youth 2019"]
[Site "Assen"]
[Date "2019.05.04"]
[Round "9.5"]
[White "Van der Hagen, Loek"]
[Black "Boghossian, Wahe"]
[Result "1/2-1/2"]
[ECO "B94"]
[WhiteElo "1931"]
[BlackElo "1820"]
[Annotator "NA RC"]
[PlyCount "78"]
[EventDate "2019.04.28"]
[EventType "swiss"]
[EventCountry "NED"]
[SourceTitle "playchess.com"]
[Source "ChessBase"]
[SourceQuality "1"]
[TimeControl "5400+30"]

1. e4 c5 2. Nf3 d6 3. d4 cxd4 4. Nxd4 Nf6 5. Nc3 a6 6. Bg5 e5 7. Nf5 {[%emt 0:00:24] B94: Sicilian Najdorf: 6 Bg5 Nbd7} Bxf5 (7... Be6 8. Ne3 Nbd7 9. Ned5 Rc8 10. Be2 h6 11. Bxf6 Nxf6 12. Nxf6+ Qxf6 13. O-O g6 14. Nd5 Qd8 {0-1 (36) Nepomniachtchi,I (2587)-Nakamura,H (2651) playchess.com INT 2007}) 8. exf5 Be7 9. g3 Nbd7 $146 ({Predecessor:} 9... Nc6 10. Bg2 Rc8 11. O-O Nd4 12. Be3 Qb6 13. Rb1 O-O 14. Re1 Rfe8 {1-0 (26) Franco Rincon,D (2000)-Benavente Miguel,A (2000) ICCF email 2008}) 10. Bg2 Rb8 11. a4 O-O 12. O-O h6 13. Be3 Nb6 14. b3 Qc7 15. a5 Nbd7 16. Nd5 Nxd5 17. Bxd5 Qc8 18. Bg2 Nf6 19. g4 Qd7 20. h3 d5 21. f4 exf4 22. Bxf4 Rbc8 23. Qd3 Rfd8 24. Kh1 Qb5 25. Qxb5 axb5 26. Rf2 Bb4 (26... Ne4 $5 27. Re2 Bh4 $11) 27. Re2 Bc3 28. Ra2 Rd7 29. Bf3 Kh7 30. Kg2 Ra8 31. Bd2 Rc8 32. a6 bxa6 33. Rxa6 Bxd2 34. Rxd2 Rdc7 $11 35. Ra2 Rc3 36. h4 R8c5 37. Kf2 Ne4+ 38. Bxe4 dxe4 39. Re2 Re5 1/2-1/2

[Event "NED-ch U14 Youth 2019"]
[Site "Assen"]
[Date "2019.05.04"]
[Round "9.6"]
[White "De Winter, Arthur"]
[Black "Van Foreest, Nanne"]
[Result "1/2-1/2"]
[ECO "C67"]
[WhiteElo "1661"]
[BlackElo "1790"]
[Annotator "NA RC"]
[PlyCount "189"]
[EventDate "2019.04.28"]
[EventType "swiss"]
[EventCountry "NED"]
[SourceTitle "playchess.com"]
[Source "ChessBase"]
[SourceQuality "1"]
[TimeControl "5400+30"]

1. e4 e5 2. Nf3 Nc6 3. Bb5 Nf6 4. O-O Nxe4 5. Re1 Nd6 6. Nxe5 Be7 7. Bf1 Nxe5 8. Rxe5 O-O 9. d4 b6 10. c3 Bb7 11. Bf4 Bf6 12. Re1 Ne4 13. Bd3 d5 14. Nd2 Nxd2 15. Qxd2 c5 16. Be5 cxd4 17. cxd4 Rc8 18. Qf4 Bxe5 19. Rxe5 g6 20. Rae1 Rc7 21. R5e3 Bc8 22. h3 Be6 23. R3e2 Qd7 24. Rc1 Rxc1+ 25. Qxc1 Rc8 26. Rc2 Rxc2 27. Qxc2 Kf8 28. Kf1 Ke7 29. a3 Qd6 30. Qa4 a5 31. b4 axb4 32. axb4 Kf6 33. Ke2 Qf4 34. Qa1 Qg5 35. Qa6 Qxg2 36. Qxb6 Qxh3 37. Qb8 Qg4+ 38. Kd2 Kg7 39. Qe5+ f6 40. Qc7+ Kh6 41. Kc3 Qg1 42. Qf4+ Kg7 43. b5 Qa1+ 44. Kb3 Qa5 45. Qd6 Bg4 46. Qe7+ Kh6 47. f3 Qd2 48. Bc2 Bxf3 49. Qxf6 Qe3+ 50. Kb4 Be2 51. Ba4 Qd2+ 52. Kc5 Qc3+ 53. Kb6 Qb4 54. Qf4+ g5 55. Qf6+ Kh5 56. Qf7+ Kg4 57. Qe6+ Kf3 58. Qxd5+ Kf2 59. Bc2 Bxb5 60. Qf5+ Ke1 61. Qxb5 Qxd4+ 62. Ka6 Qd6+ 63. Kb7 Qe7+ 64. Ka8 Qf8+ 65. Kb7 Qf7+ 66. Kc8 Qe6+ 67. Kb7 h6 68. Bb3 Qe2 69. Qb6 Qf3+ 70. Ka6 g4 71. Qb4+ Kf2 72. Qb6+ Kg2 73. Qe6 Qa8+ 74. Kb5 Qb8+ 75. Ka6 Qa8+ 76. Kb5 Qb7+ 77. Ka5 Qc7+ 78. Ka6 Qf4 79. Bd5+ Kg1 80. Qb6+ Kh2 81. Qb2+ Kh3 82. Qg2+ Kh4 83. Qh1+ Kg5 84. Kb5 g3 85. Bf3 Qe5+ 86. Kc4 Qc7+ 87. Kd3 Qd6+ 88. Ke2 Qa6+ 89. Ke1 Qa1+ 90. Bd1 Qc3+ 91. Kf1 Qd3+ 92. Kg2 Qe4+ 93. Kg1 Qe3+ 94. Kg2 Qf2+ 95. Kh3 1/2-1/2

[Event "NED-ch U14 Youth 2019"]
[Site "Assen"]
[Date "2019.05.04"]
[Round "9.7"]
[White "Bartels, Vladimir"]
[Black "Arnold, Lorin"]
[Result "1-0"]
[ECO "D00"]
[WhiteElo "1748"]
[BlackElo "1598"]
[Annotator "NA RC"]
[PlyCount "115"]
[EventDate "2019.04.28"]
[EventType "swiss"]
[EventCountry "NED"]
[SourceTitle "playchess.com"]
[Source "ChessBase"]
[SourceQuality "1"]
[TimeControl "5400+30"]

1. d4 d5 2. Bf4 e6 3. e3 f5 4. c4 Nf6 5. Nf3 c6 6. Bd3 Nbd7 7. O-O Be7 8. h3 Ne4 9. Ne5 O-O 10. Nd2 Ndf6 11. Qc2 Bd7 12. f3 Nxd2 13. Qxd2 Be8 14. Qc2 Qb6 15. c5 Qd8 16. Rac1 Rc8 17. Qa4 Ra8 18. Qb3 Qc8 19. Rc3 Nd7 20. Rfc1 Bf6 21. Nxd7 Bxd7 22. Bd6 Re8 23. Qb4 e5 24. dxe5 Bxe5 25. Bxe5 Rxe5 26. e4 fxe4 27. fxe4 Qc7 28. exd5 cxd5 29. Rf1 Bc6 30. Qh4 h6 31. Qf4 Qe7 32. Rc2 Rf8 33. Qxf8+ Qxf8 34. Bh7+ Kxh7 35. Rxf8 Re1+ 36. Kf2 Ra1 37. a3 d4 38. Rd8 d3 39. Rd2 Rc1 40. R8xd3 Rxc5 41. Rg3 h5 42. Ke3 Re5+ 43. Kd4 Rd5+ 44. Kc3 Rf5 45. Rd4 Rf2 46. Rd2 Rf5 47. Rd4 Rf2 48. Rh4 g6 49. Rd4 Rxg2 50. Rxg2 Bxg2 51. Rd7+ Kh6 52. h4 Bc6 53. Re7 Bd5 54. Kd4 g5 55. hxg5+ Kxg5 56. Kxd5 h4 57. Rh7 Kg4 58. Rxb7 1-0

[Event "NED-ch U14 Youth 2019"]
[Site "Assen"]
[Date "2019.05.04"]
[Round "9.8"]
[White "Catalan, Ciro"]
[Black "Franke, Daniel"]
[Result "0-1"]
[ECO "E05"]
[WhiteElo "1599"]
[BlackElo "1465"]
[Annotator "NA RC"]
[PlyCount "92"]
[EventDate "2019.04.28"]
[EventType "swiss"]
[EventCountry "NED"]
[SourceTitle "playchess.com"]
[Source "ChessBase"]
[SourceQuality "1"]
[TimeControl "5400+30"]

1. d4 Nf6 2. c4 e6 3. Nf3 d5 4. g3 dxc4 5. Bg2 Nbd7 6. O-O Be7 7. Nbd2 Nb6 8. Nxc4 Nfd5 9. e4 Nxc4 10. Qa4+ Bd7 11. Qxc4 Nb6 12. Qc2 O-O 13. Rd1 Rc8 14. Be3 Qe8 15. Ne5 Bb5 16. b3 Nd7 17. Nxd7 Bxd7 18. Qd2 a6 19. Rac1 Bd6 20. Rc2 Bc6 21. e5 Bxg2 22. exd6 Bc6 23. dxc7 Rxc7 24. d5 Rd7 25. Qb4 Rxd5 26. Rxd5 Bxd5 27. Bc5 Qc6 28. Rc3 Rc8 29. Bd4 Qd7 30. Rxc8+ Qxc8 31. Qd2 h6 32. f4 f6 33. Bb2 Kf7 34. Qf2 Qc6 35. Qd2 Be4 36. Bc3 Qd5 37. Qe2 Qc5+ 38. Kf1 Qxc3 39. Qxe4 Qa1+ 40. Kg2 Qxa2+ 41. Kh3 Qxb3 42. Qd4 Qb5 43. Qa7 a5 44. Qb8 Qf1+ 45. Kh4 g5+ 46. fxg5 hxg5+ 0-1

[Event "NED-ch U14 Youth 2019"]
[Site "Assen"]
[Date "2019.05.04"]
[Round "9.9"]
[White "Van Kuijk, Vadim"]
[Black "Van Arendonk, Polle"]
[Result "0-1"]
[ECO "A48"]
[WhiteElo "1589"]
[BlackElo "1803"]
[Annotator "NA RC"]
[PlyCount "102"]
[EventDate "2019.04.28"]
[EventType "swiss"]
[EventCountry "NED"]
[SourceTitle "playchess.com"]
[Source "ChessBase"]
[SourceQuality "1"]
[TimeControl "5400+30"]

1. d4 Nf6 2. Bf4 g6 3. Nf3 Bg7 4. e3 O-O 5. Nbd2 c5 6. c3 d6 7. Be2 b6 8. O-O Bb7 9. a4 {[%emt 0:12:30] A48: 1 d4 Nf6 2 Nf3 g6: Torre, London and Colle Systems} (9. h3 Na6 10. Bh2 Nc7 11. a4 Ne4 12. Nxe4 Bxe4 13. Nd2 Bc6 14. b4 Qc8 15. b5 Bd5 16. a5 f5 17. Re1 {1-0 (53) Caruana,F (2816)-Aronian,L (2764) Leuven 2018}) 9... a6 10. Nc4 Nbd7 11. Qb3 Qc7 $146 ({Predecessor:} 11... Bc6 12. dxc5 bxc5 13. Rfd1 Rb8 {0-1 (42) Danilova,R (1959)-Soumya,S (2349) Moscow 2018}) 12. Rfd1 Bd5 13. Nfd2 Qc6 14. dxc5 b5 15. cxd6 $2 ({White has to play} 15. Na5 $1 $15 Qxc5 16. Qa3) 15... bxc4 16. Bxc4 exd6 17. Bxd5 Nxd5 18. Bxd6 (18. Bg5 {is a better defense.}) 18... Qxd6 19. Ne4 Qb6 20. Qxd5 Nf6 21. Nxf6+ Bxf6 22. Qd6 Rab8 23. a5 Qxd6 24. Rxd6 Be5 25. Rb6 Rfd8 26. f4 Bc7 27. Rc6 {[%emt 0:00:34] [#]} Rdc8 (27... Rb7 $1 $17) 28. Ra2 (28. Rxa6 $11 {keeps the balance.} Rxb2 29. Rc6) 28... Ra8 29. g3 Kf8 30. Ra4 Bd8 31. Rxc8 Rxc8 32. Kf2 Ke7 33. Re4+ $17 Kd7 34. Ke2 Rc5 35. Rd4+ Kc7 36. Ra4 Kc6 37. e4 Rxa5 38. Rxa5 Bxa5 39. Kd3 Bb6 40. g4 Bc7 41. Ke3 g5 42. fxg5 Bxh2 43. c4 Kc5 44. b3 Be5 45. Kd3 Kb4 46. Kc2 Bf4 47. Kd3 Be5 48. Kc2 a5 49. Kd3 Kxb3 50. c5 a4 51. c6 a3 0-1

[Event "NED-ch U14 Youth 2019"]
[Site "Assen"]
[Date "2019.05.04"]
[Round "9.10"]
[White "Tiggelman, Vincent"]
[Black "Shadrin, Mitia"]
[Result "0-1"]
[ECO "A05"]
[WhiteElo "1378"]
[BlackElo "1692"]
[Annotator "NA RC"]
[PlyCount "64"]
[EventDate "2019.04.28"]
[EventType "swiss"]
[EventCountry "NED"]
[SourceTitle "playchess.com"]
[Source "ChessBase"]
[SourceQuality "1"]
[TimeControl "5400+30"]

1. e4 c5 2. Nf3 g6 3. g3 Bg7 4. Bg2 Nc6 5. d3 d6 6. Nbd2 Nf6 7. O-O O-O 8. Re1 b5 9. Nf1 a5 10. h4 h5 11. Ng5 Ra6 12. Ne3 Ng4 13. Nxg4 Bxg4 14. f3 Bd7 15. Rf1 a4 16. f4 f5 17. e5 dxe5 18. Bd5+ e6 19. Bxe6+ Bxe6 20. Nxe6 Qd6 21. Nxf8 Qxf8 22. fxe5 Nxe5 23. Qe2 Ng4 24. c3 b4 25. Bd2 a3 26. b3 bxc3 27. d4 Bxd4+ 28. Kh1 Qa8+ 29. Rf3 cxd2 30. Rd1 Nf2+ 31. Kg2 Nxd1 32. Qxd1 Re6 0-1

[Event "NED-ch U14 Youth 2019"]
[Site "Assen"]
[Date "2019.05.04"]
[Round "9.11"]
[White "De Putter, Sven"]
[Black "De Heij, Mees"]
[Result "0-1"]
[ECO "B33"]
[WhiteElo "1381"]
[BlackElo "1524"]
[Annotator "NA RC"]
[PlyCount "50"]
[EventDate "2019.04.28"]
[EventType "swiss"]
[EventCountry "NED"]
[SourceTitle "playchess.com"]
[Source "ChessBase"]
[SourceQuality "1"]
[TimeControl "5400+30"]

1. e4 c5 2. Nf3 Nc6 3. d4 cxd4 4. Nxd4 Nf6 5. Nc3 e5 6. Ndb5 d6 7. Bg5 a6 8. Na3 b5 9. Bxf6 Qxf6 10. Nd5 Qd8 11. c3 Be7 12. Nc2 Bb7 13. Nce3 Bg5 14. Bd3 O-O 15. Qg4 Bxe3 16. Nxe3 Rc8 17. Nd5 h6 18. h4 Kh8 19. Rh3 Ne7 20. Rf3 Nxd5 21. Rg3 Qf6 22. exd5 Bxd5 23. h5 Rfe8 24. Kf1 e4 25. Bc2 e3 0-1

[Event "NED-ch U14 Youth 2019"]
[Site "Assen"]
[Date "2019.05.04"]
[Round "9.12"]
[White "Labruyere, Roger"]
[Black "Yeh, Timo"]
[Result "0-1"]
[ECO "C26"]
[WhiteElo "1922"]
[BlackElo "1783"]
[Annotator "NA RC"]
[PlyCount "56"]
[EventDate "2019.04.28"]
[EventType "swiss"]
[EventCountry "NED"]
[SourceTitle "playchess.com"]
[Source "ChessBase"]
[SourceQuality "1"]
[TimeControl "5400+30"]

1. e4 e5 2. Nc3 Nf6 3. g3 Bc5 4. Bg2 d6 5. Nge2 Nc6 6. O-O O-O 7. Na4 Bb6 8. Nxb6 axb6 9. d3 Re8 10. c3 {[%emt 0:00:20] C26: Vienna Game: 2...Nf6, sidelines} (10. c4 Bd7 11. h3 Nb4 12. Nc3 h6 13. f4 exf4 14. gxf4 c6 15. a3 Na6 16. d4 Nh7 17. Kh2 Nc7 {½-½ (32) Kivisto,M (2257)-Tuominen,R (2283) Finland 2017}) 10... d5 $146 ({Predecessor:} 10... h6 11. h3 Be6 12. a4 Na5 13. Be3 Qd7 14. Kh2 Bb3 {0-1 (43) Khalil,R (1297)-Mezioud,A (2065) Sharjah 2018}) 11. exd5 Nxd5 12. d4 exd4 13. Nxd4 Nxd4 14. Qxd4 Be6 15. Bf4 c5 16. Qd2 Nxf4 17. Qxf4 Rxa2 18. Rxa2 Bxa2 19. Bxb7 Qe7 20. Bc6 Rd8 21. Be4 g6 22. Re1 Qd6 23. Qh4 Re8 24. Re3 $19 (24. Qg5 $15) 24... Qd1+ 25. Kg2 Bc4 26. Kh3 Rxe4 27. Qxe4 Bf1+ 28. Qg2 Qh5# 0-1

[Event "NED-ch U14 Youth 2019"]
[Site "Assen"]
[Date "2019.05.04"]
[Round "9.13"]
[White "Dekker, Thiemen"]
[Black "Bakija, Alan"]
[Result "0-1"]
[ECO "B14"]
[WhiteElo "1521"]
[BlackElo "1580"]
[Annotator "NA RC"]
[PlyCount "114"]
[EventDate "2019.04.28"]
[EventType "swiss"]
[EventCountry "NED"]
[SourceTitle "playchess.com"]
[Source "ChessBase"]
[SourceQuality "1"]
[TimeControl "5400+30"]

1. e4 c6 2. d4 d5 3. exd5 cxd5 4. c4 e6 5. Nc3 Nc6 6. Nf3 Nf6 7. Bg5 Be7 8. c5 Bd7 9. Bb5 a6 10. Bxc6 Bxc6 11. Ne5 Nd7 12. Bxe7 Qxe7 13. Nxd7 Qxd7 14. a4 O-O 15. O-O Rab8 16. a5 Rbe8 17. Na4 e5 18. Nb6 Qf5 19. Re1 Re7 20. Qb3 e4 21. f3 Rfe8 22. fxe4 Rxe4 23. Rxe4 Qxe4 24. Qc3 Qe3+ 25. Qxe3 Rxe3 26. Rd1 Re2 27. b3 Re3 28. b4 f6 29. Rb1 Rd3 30. Nc8 Kf8 31. Nd6 Rxd4 32. b5 axb5 33. Nxb5 Ra4 34. Nd6 Rxa5 35. Nxb7 Bxb7 36. Rxb7 Rxc5 37. Kf2 d4 38. Rd7 Rc2+ 39. Kf3 Rd2 40. h3 d3 41. g3 Rd1 42. Ke3 Rg1 43. Kf3 Rd1 44. Ke3 h6 45. Rxd3 Rxd3+ 46. Kxd3 Kf7 47. Ke4 Ke6 48. h4 f5+ 49. Kf4 g6 50. g4 fxg4 51. Kxg4 Ke5 52. h5 g5 53. Kf3 Kd4 54. Kg3 Ke3 55. Kg4 Ke4 56. Kg3 Kf5 57. Kh3 Kf4 0-1